 Dungeon Crawl Stone Soup version 0.22.0-13-g43fe8f2 (webtiles) character file.

330 sking99 the Ruffian (level 6, 0/66 HPs)
             Began as a Formicid Transmuter on Aug 16, 2018.
             Was an Initiate of Nemelex Xobeh.
             Succumbed to an adder's poison
             ... on level 4 of the Dungeon.
             The game lasted 00:12:08 (5339 turns).

sking99 the Ruffian (Formicid Transmuter)           Turns: 5339, Time: 00:12:08

Health: 0/66       AC: 23    Str: 15    XL:     6   Next: 81%
Magic:  9/9        EV:  2    Int: 14    God:    Nemelex Xobeh [......]
Gold:   142        SH:  9    Dex: 11    Spells: 6/9 levels left

rFire    . . .     SeeInvis .     - Unarmed
rCold    . . .     Gourm    .   f - +0 shield
rNeg     + + +     Faith    .   (armour currently unavailable)
rPois    +         Spirit   .   (helmet unavailable)
rElec    .         Reflect  .   (cloak currently unavailable)
rCorr    .         Harm     .   (gloves currently unavailable)
MR       .....                  (boots currently unavailable)
Stlth    +.........             (no amulet)
HPRegen  0.21/turn              (no ring)
MPRegen  0.11/turn              (no ring)

@: lethally poisoned (0 -> -3), tree-form
A: permanent stasis, dig shafts and tunnels, four strong arms
a: Renounce Religion


You were on level 4 of the Dungeon.
You worshipped Nemelex Xobeh.
Nemelex Xobeh was noncommittal.
You were not hungry.
You were a tree.
You visited 2 branches of the dungeon, and saw 5 of its levels.

You collected 142 gold pieces.

Inventory:

Missiles
 a - 43 arrows
 i - a throwing net (quivered)
Armour
 b - a +0 robe (melded)
 f - a +0 shield (worn)
Scrolls
 c - 2 scrolls of fog
 e - a scroll of identify {unknown}
 k - a scroll of fear {unknown}
 m - a scroll of magic mapping
Potions
 h - a potion of berserk rage {unknown}
 n - a potion of brilliance {unknown}
 p - a potion of invisibility
Miscellaneous
 j - a plain deck of destruction
Comestibles
 d - 8 rations


   Skills:
 - Level 2.1 Fighting
 - Level 1.7 Dodging
 + Level 3.7 Shields
 + Level 4.8 Unarmed Combat
 - Level 2.1 Spellcasting
 - Level 4.3 Transmutations
 + Level 0.2 Invocations


You had 6 spell levels left.
You knew the following spells:

 Your Spells              Type           Power        Failure   Level  Hunger
a - Beastly Appendage     Tmut           ##....       12%         1    #......
b - Sticks to Snakes      Tmut           ##......     19%         2    ###....

Your spell library contained the following spells:

 Spells                   Type           Power        Failure   Level  Hunger
 Confuse                  Hex            #.......     91%         3    ###....
 Summon Small Mammal      Summ           #...         58%         1    #......
 Summon Ice Beast         Ice/Summ       #.......     100%        4    #####..
 Call Imp                 Summ           #.......     73%         2    ###....
 Tukima's Dance           Hex            #.......     91%         3    ###....
 Spider Form              Tmut/Pois      #.........   65%         3    ###....
 Blade Hands              Tmut           ##........   98%         5    ######.
 Ice Form                 Ice/Tmut       #.......     96%         4    #####..
 Call Canine Familiar     Summ           #.......     91%         3    ###....
 Ensorcelled Hibernation  Hex/Ice        #.....       73%         2    ###....
 Corona                   Hex            #......      58%         1    #......
 Dazzling Spray           Conj/Hex       #.....       91%         3    ###....
 Summon Lightning Spire   Summ/Air       #.......     100%        4    #####..
 Summon Guardian Golem    Hex/Summ       #.......     91%         3    ###....


Dungeon Overview and Level Annotations

Branches:
Dungeon (4/15)             Temple (1/1) D:4

Altars:
Ashenzari
Cheibriados
Dithmenos
Elyvilon
Fedhas
Gozag
Hepliaklqana
Kikubaaqudgha
Makhleb
Nemelex Xobeh
Okawaru
Qazlal
Sif Muna
Uskayaw
Vehumet
Wu Jian
Xom
Yredelemnul
Zin


Innate Abilities, Weirdness & Mutations

You cannot be hasted, slowed, berserked, paralysed or teleported.
You can dig through walls and to a lower floor.
Your four strong arms can wield two-handed weapons with a shield.
((You have a pair of large antennae on your head. (SInv)))
((You have large cloven feet.))
((You are resistant to electric shocks. (rElec)))


Message History

You punch the adder!
You kill the adder!
You closely miss the hound.
You feel sick. The hound closely misses you. The hound bites you.
* * * LOW HITPOINT WARNING * * *
You miss the hound.
* * * LOW HITPOINT WARNING * * *
You feel sick. The hound bites you.
* * * LOW HITPOINT WARNING * * *
Your shield prevents you from hitting the hound.
The hound bites you but does no damage. The hound bites you.
* * * LOW HITPOINT WARNING * * *
It was a potion of lignification.
You turn into a tree.
Your +0 robe melds into your body.
Your roots penetrate the ground.
* * * LOW HITPOINT WARNING * * *
You feel sick. The hound bites you but does no damage.
It was a potion of mutation.
You feel extremely strange.
You feel insulated.
Your feet thicken and deform.
You die...
Your body disappears without a glow.

#...........####..#.....#.....##
#..<.....>...........#..#######
........####..........#.#
......### #..........#.#**
......# ##.........#..,* ....###
#.........###.* ...##
#.###########.#***** ...#
#...####$....,,,,,,** ...#
###.♣h.......,,,,,,,* ...#
####.......,,,,,,,, ####
*.......,,,,,,,,
*.......,,,,,,,,
*.......,,,,,,,,
*..=....,,,,,,,,
*#......,,,,,,,* *#.....*,,,,,**
*************


You could see a hound.

Vanquished Creatures
  A centaur skeleton (D:4)
  A gnoll (D:1)
  8 adders
  3 oozes
  4 worms
  An adder skeleton (D:4)
  A leopard gecko (D:2)
  An orc (D:3)
  A giant cockroach (D:2)
  7 goblins
  7 hobgoblins
  4 jackals (D:3)
  A ball python (D:2)
  5 bats
  A frilled lizard (D:1)
  A jackal skeleton (D:4)
  5 kobolds
  5 rats
57 creatures vanquished.

Vanquished Creatures (collateral kills)
  Grinder (D:3)
  An adder (D:2)
2 creatures vanquished.

Grand Total: 59 creatures vanquished

Notes
Turn   | Place    | Note
-------+----------+-------------------------------------------
     0 | D:1      | sking99 the Formicid Transmuter began the quest for the Orb.
     0 | D:1      | Reached XP level 1. HP: 15/15 MP: 3/3
     6 | D:1      | Noticed a rime drake
     6 | D:1      | Noticed an anaconda
     6 | D:1      | Noticed a black bear
     6 | D:1      | Noticed a worker ant
   423 | D:1      | Reached XP level 2. HP: 21/21 MP: 5/5
   580 | D:1      | Reached XP level 3. HP: 20/27 MP: 6/6
  1026 | D:2      | Learned a level 2 spell: Sticks to Snakes
  1369 | D:2      | Reached skill level 1 in Shields
  1369 | D:2      | Reached XP level 4. HP: 18/33 MP: 7/7
  3170 | D:3      | Reached XP level 5. HP: 32/38 MP: 8/8
  3391 | D:3      | Noticed Grinder
  3410 | D:3      | HP: 1/38 [jackal (1)]
  3800 | D:3      | Killed Grinder
  3800 | D:3      | Reached XP level 6. HP: 8/44 MP: 3/9
  4599 | D:4      | Found a staircase to the Ecumenical Temple.
  4604 | D:3      | Found a glowing silver altar of Zin.
  4653 | Temple   | Entered the Ecumenical Temple
  5133 | Temple   | Became a worshipper of Nemelex Xobeh the Trickster
  5258 | D:4      | Received a gift from Nemelex Xobeh
  5337 | D:4      | HP: 1/44 [hound (3)]
  5339 | D:4      | Gained mutation: You are resistant to electric shocks. (rElec) [potion of mutation]
  5339 | D:4      | Gained mutation: You have large cloven feet. [potion of mutation]
  5339 | D:4      | Succumbed to an adder's poison

Skill      XL: |  1  2  3  4  5 |
---------------+----------------+-----
Fighting       | 2 |  2.1
Transmutations | 3 4 |  4.3
Shields        | 1 3 |  3.7
Unarmed Combat | 4 |  4.8
Dodging        | |  1.7
Spellcasting   | |  2.1
Invocations    | |  0.2

Action                   |  1- 3 |  4- 6 || total
-------------------------+-------+-------++-------
Melee: Unarmed           |    83 |   245 ||   328
       Punch             |     1 |       ||     1
       Kick              |     3 |    12 ||    15
 Cast: Beastly Appendage |     2 |     5 ||     7
       Sticks to Snakes  |       |     7 ||     7
  Use: Potion            |     1 |     7 ||     8
       Scroll            |       |     4 ||     4
 Stab: Sleeping          |       |     1 ||     1
       Distracted        |       |     1 ||     1
  Eat: Chunk             |     1 |     8 ||     9
       Ration            |       |     2 ||     2
Armor: Robe              |    13 |    27 ||    40
       Skin              |       |     1 ||     1
Dodge: Dodged            |    42 |    67 ||   109
Block: Shield            |    11 |    99 ||   110
